Map: Lerilak Crest

Players

Kantuva

  • Race: Zerg Zerg

SirRobin - Winner!

  • Race: Zerg Zerg

VOD

Have the link to the VOD?

Description

Time

  • Played on: April 1, 2015, 9:56 p.m.
  • Length: 4:47
Show
View Real Time Build Order
Export as new Build Order

Kantuva Zerg 

Build Orders: Hatch First 

Get SALT Encoding   

  12  0:01  Drone  
  13  0:13  Overlord  
  13  0:18  Drone  
  14  0:32  Drone x2  
  16  0:51  Hatchery, Drone  
  16  0:56  Drone  
  17  0:58  Extractor  
  16  1:15  Spawning Pool  
  16  1:16  Drone  
  16  1:21  Drone x2  
  18  1:30  Drone  
  19  1:40  Overlord  
  19  2:01  Queen  
  19  2:03  Metabolic Boost  
  19  2:04  Queen  
  19  2:06  Zergling x2  
  24  2:12  Zergling x2  
  24  2:13  Zergling x2  
  26  2:24  Drone x2  
  28  2:30  Drone  
  28  2:31  Drone  
  30  2:47  Zergling x4  
  30  2:48  Zergling x4  
  34  2:55  Baneling Nest  
  34  2:58  Overlord  
  33  2:59  Overlord  
  33  3:16  Drone x3  
  33  3:17  Drone x2  
  35  3:21  Drone  
  35  3:22  Drone x4  
  40  3:33  Zergling x4  
  41  3:42  Zergling x4  
  41  3:48  Overlord  
  42  3:51  Baneling, Zergling x4  
  42  3:52  Baneling  
  34  4:22  Zergling x10  
  34  4:23  Zergling x8  
Show
View Real Time Build Order
Export as new Build Order

SirRobin Zerg - Winner!

Build Orders: Hatch First 

Get SALT Encoding   

  12  0:01  Drone  
  13  0:09  Drone  
  14  0:17  Overlord  
  14  0:28  Extractor  
  13  0:29  Drone, Extractor  
  13  0:30  Drone  
  16  0:36  Drone  
  17  0:54  Hatchery  
  17  0:56  Drone  
  17  1:00  Drone  
  18  1:10  Extractor  
  17  1:14  Spawning Pool  
  17  1:17  Drone  
  17  1:24  Overlord  
  17  1:30  Drone  
  18  1:38  Drone  
  19  1:49  Drone  
  20  2:00  Overlord  
  20  2:01  Queen  
  20  2:06  Zergling x2, Queen  
  25  2:10  Drone  
  26  2:17  Drone  
  26  2:21  Drone  
  26  2:22  Metabolic Boost  
  28  2:28  Drone  
  29  2:31  Drone  
  29  2:37  Queen  
  30  2:42  Drone x2  
  34  2:49  Drone  
  35  2:52  Baneling Nest  
  35  2:55  Drone  
  35  3:02  Zergling x2  
  35  3:04  Zergling x2  
  37  3:19  Overlord  
  35  3:25  Zergling x2  
  35  3:26  Zergling x14  
  40  3:44  Queen  
  40  3:45  Zergling x6  
  42  4:05  Zergling x12  
  45  4:12  Zergling x2  
  43  4:23  Zergling x2  
  43  4:24  Zergling x16  
  48  4:26  Baneling x3  
Tags
 
Add a new tag
Caveats
  • Supply blocks, unpowered buildings, or Contaminate may cause inaccurate times.
  • Supply counts are checked every 10 seconds.